Map: Dusk Towers

Players

Gracz

  • Race: Terran Terran

patrik

  • Race: Terran Terran

HAJPER

  • Race: Protoss Protoss

XpeXto

  • Race: Protoss Protoss

VOD

Have the link to the VOD?

Description

Time

  • Played on: May 4, 2016, 1:42 p.m.
  • Length: 4:37
Show
View Real Time Build Order
Export as new Build Order

Gracz Terran 

Build Orders:  

Get SALT Encoding   

  12  0:02  SCV  
  14  0:28  SCV  
  14  0:40  SCV  
  15  0:45  Supply Depot  
  15  1:00  Supply Depot  
  15  1:09  Barracks  
  15  1:22  Barracks  
  15  1:28  Supply Depot  
  15  1:54  Barracks  
  15  2:04  Supply Depot  
  15  2:10  Marine  
  15  2:11  Marine  
  17  2:21  Supply Depot  
  17  2:28  Marine  
  17  2:29  Marine  
  17  2:46  Marine x2  
  18  2:58  Marine  
  18  3:04  Marine x2  
  21  3:16  Marine  
  22  3:22  Marine x2  
  24  3:32  SCV  
  13  3:45  SCV  
  7  4:04  Marine  
  8  4:19  SCV  
Show
View Real Time Build Order
Export as new Build Order

patrik Terran 

Build Orders:  

Get SALT Encoding   

  12  0:01  Probe (Chrono Boost)  
  13  0:11  Probe (Chrono Boost)  
  14  0:18  Pylon  
  14  0:23  Probe (Chrono Boost)  
  15  0:36  Probe (Chrono Boost)  
  15  0:38  Gateway  
  16  0:46  Probe (Chrono Boost)  
  17  0:52  Forge  
  17  0:58  Assimilator  
  17  1:06  Probe (Chrono Boost)  
  18  1:30  Photon Cannon  
  18  1:32  Cybernetics Core  
  18  1:33  Pylon  
  18  1:49  Pylon  
  18  2:05  Probe (Chrono Boost), Zealot  
  18  2:07  Photon Cannon  
  21  2:11  Warp Gate  
  21  2:12  Photon Cannon  
  21  2:27  Mothership Core (Chrono Boost)  
  23  2:47  Photon Cannon  
  23  2:59  Pylon  
  23  3:03  Photon Cannon  
  23  3:10  Stalker  
  25  3:17  Assimilator, Probe (Chrono Boost)  
  26  3:51  Probe (Chrono Boost)  
  26  3:55  Gateway  
  27  3:56  Gateway  
  28  4:03  Probe (Chrono Boost)  
  28  4:05  Nexus  
  28  4:14  Probe (Chrono Boost)  
  29  4:27  Stalker  
Show
View Real Time Build Order
Export as new Build Order

HAJPER Protoss 

Build Orders:  

Get SALT Encoding   

Show
View Real Time Build Order
Export as new Build Order

XpeXto Protoss 

Build Orders:  

Get SALT Encoding   

Tags
 
Add a new tag
Caveats
  • Supply blocks, unpowered buildings, or Contaminate may cause inaccurate times.
  • Supply counts are checked every 10 seconds.